 Dungeon Crawl Stone Soup version 0.30.1-4-g462c640d31 (webtiles) character file.

Game seed: 6064588318372510005

1571 Ordine the Trooper (level 9, -6/68 HPs)
             Began as a Djinni Fire Elementalist on Sept 6, 2023.
             Mangled by a gnoll sergeant
             ... wielding a +3 spear of flaming
              (7 damage)
             ... on level 7 of the Dungeon.
             The game lasted 00:15:32 (6780 turns).

Ordine the Trooper (Djinni Fire Elementalist)       Turns: 6780, Time: 00:15:33

Health: -6/68      AC:  7    Str:  7    XL:     9   Next: 13%
Gold:   324        EV: 13    Int: 21    God:
                   SH:  0    Dex: 18

rFire   + + .        (no weapon)
rCold   x . .        (no shield)
rNeg    . . .        a - +0 robe
rPois   ∞            (no helmet)
rElec   +            t - +0 cloak
rCorr   .            q - +3 pair of gloves of the Fiddle {rElec Dex+4 Stlth+}
SInv    .            (boots unavailable)
Will    .....        (no amulet)
Stlth   +++          b - ring of wizardry
HPRegen 0.31/turn    (no ring)
MPRegen 0.00/turn

%: wizardry (x1), infuse magic (-7 HP)
@: flying
A: sickness immunity, fire resistance 2, cold vulnerability 1, float, innate
caster, HP casting, extra vitality 1
a: no special abilities


You were on level 7 of the Dungeon.
You visited 1 branch of the dungeon, and saw 7 of its levels.

You collected 324 gold pieces.

Inventory:

Armour
 a - a +0 robe (worn)
 q - the +3 pair of gloves of the Fiddle (worn) {rElec Dex+4 Stlth+}
   (You found it on level 2 of the Dungeon)

   Dex:       It affects your dexterity (+4).
   rElec:     It insulates you from electricity.
   Stlth:     It makes you more stealthy.
 t - a +0 cloak (worn)
Jewellery
 b - a ring of wizardry (left hand)
Wands
 x - a wand of mindburst (11)
Scrolls
 c - 4 scrolls of teleportation {unknown}
 e - 3 scrolls of amnesia {unknown}
 f - a scroll of poison {unknown}
 h - 3 scrolls of noise {unknown}
 i - a scroll of fear {unknown}
 k - 2 scrolls of immolation {unknown}
 m - 3 scrolls of identify {unknown}
 r - 2 scrolls of summoning {unknown}
 s - a scroll of vulnerability {unknown}
 u - 2 scrolls of magic mapping {unknown}
 w - a scroll of blinking {unknown}
Potions
 d - 2 potions of brilliance {unknown}
 g - 2 potions of heal wounds {unknown}
 j - 2 potions of invisibility {unknown}
 l - 2 potions of lignification {unknown}
 n - a potion of berserk rage {unknown}
 o - 3 potions of curing
 p - a potion of resistance {unknown}
 v - a potion of mutation {unknown}
 z - a potion of degeneration {unknown}


   Skills:
 + Level 7.4 Fighting
 - Level 3.0 Dodging
 - Level 2.0 Stealth
 + Level 6.2 Spellcasting


You knew the following spells:

 Your Spells              Type           Power      Damage    Failure   Level
a - Foxfire               Conj/Fire      100%       2x1d9     1%          1
b - Scorch                Fire           64%        2d7       1%          2
c - Volatile Blastmotes   Fire/Tloc      64%        2d15      1%          3
d - Inner Flame           Hex/Fire       32%        N/A       1%          3
e - Flame Wave            Conj/Fire      32%        2d9       3%          4
f - Necrotise             Necr           100%       1d9       1%          1
g - Lesser Beckoning      Tloc           64%        N/A       1%          2
h - Ozocubu's Armour      Ice            32%        N/A       1%          3
i - Stone Arrow           Conj/Erth      64%        3d11      1%          3
Your spell library was empty.

Dungeon Overview and Level Annotations

Branches:
Dungeon (7/15)
 Temple: D:4-7

Altars:
Dithmenos
Makhleb
Yredelemnul

Shops:
D:3 (


Innate Abilities, Weirdness & Mutations

You are immune to sickness and miasma.
You are immune to poison.
Your flesh is very heat resistant. (rF++)
You are vulnerable to cold. (rC-)
You float through the air rather than walking.
You learn spells naturally, not from books.
Your magical power is your life essence.
You have superior vitality. (+4 MHP)


Message History

The gnoll is heavily wounded.
The flame wave engulfs the centaur!
The centaur is almost dead. (Press . to intensify the flame waves.)
The gnoll is no longer more vulnerable to fire.
The centaur hits you.
The centaur kicks you but does no damage.
The gnoll hits you but does no damage.
The gnoll sergeant hits you with a +3 spear of flaming.
The gnoll hits you from afar with a +0 halberd!
* * * LOW HITPOINT WARNING * * *
Unknown command.
The gnoll attacks as you move away! The gnoll misses you.
The centaur wields a +0 shortbow.
The centaur shoots an arrow.
The arrow hits you.
* * * LOW HITPOINT WARNING * * *
A phantom comes into view.
The gnoll sergeant closely misses you.
You see here a +0 club.
It was a potion of curing.
You feel better.
The centaur unwields a +0 shortbow.
The centaur hits you but does no damage.
The centaur barely misses you. The gnoll hits you with a +0 whip.
* * * LOW HITPOINT WARNING * * *
The gnoll sergeant hits you with a +3 spear of flaming!
* * * LOW HITPOINT WARNING * * *
The gnoll sergeant burns you.
* * * LOW HITPOINT WARNING * * *
You feel better.
The centaur hits you but does no damage.
The centaur barely misses you. The gnoll hits you with a +0 whip.
* * * LOW HITPOINT WARNING * * *
The gnoll sergeant hits you with a +3 spear of flaming.
* * * LOW HITPOINT WARNING * * *
The gnoll sergeant attacks as you move away!
The gnoll sergeant barely misses you.
The centaur wields a +0 shortbow.
The centaur shoots an arrow.
The arrow hits you!
* * * LOW HITPOINT WARNING * * *
The orc priest casts a cantrip, but nothing happens.
The gnoll sergeant hits you from afar with a +3 spear of flaming!
You die...

../#...#
...#...#
#......##
###........
#.......#
#######<##..###
###
#.....?........
..#
#.#####.##.####
#.#
#......@...#
#.#
#.#####g##.#
#.# ......goc#
# #<#
#.#####oo# #.#
g.o.. #.#
.#.##..# #.#
..g.. ..# #.#
.. .#. .# #.#
#.# . . .# #^#


You could see a gnoll sergeant, a centaur, 2 orc priests, 3 gnolls and 2 orcs.

Vanquished Creatures
  Eustachio (D:5)
  A sky beast (D:6)
  A black bear (D:5)
  2 ogres
  3 phantoms
  A bullfrog (D:7)
  A kobold brigand (D:6)
  2 scorpions
  A howler monkey (D:4)
  2 jellies
  An orc priest (D:6)
  A gnoll bouda (D:6)
  2 hounds
  3 iguanas
  An orc wizard (D:6)
  A sleepcap (D:4)
  A statue (D:5)
  A gnoll (D:7)
  9 adders
  A shadow imp (D:6)
  An ufetubus (D:4)
  3 worms
  2 dart slugs
  18 orcs
  12 ball pythons
  5 bats
  7 endoplasms
  2 giant cockroaches
  14 goblins
  6 hobgoblins
  7 jackals
  3 quokkas
  A frilled lizard (D:3)
  13 kobolds
  3 rats
133 creatures vanquished.

Vanquished Creatures (others)
  13 foxfires
13 creatures vanquished.

Grand Total: 146 creatures vanquished

Notes
Turn   | Place    | Note
-------+----------+-------------------------------------------
     0 | D:1      | Ordine the Djinni Fire Elementalist began the quest for the
                  | Orb.
     0 | D:1      | Ordine set off with the following spells memorised:
                  | Foxfire, Scorch, Volatile Blastmotes, Inner Flame, Flame
                  | Wave.
     0 | D:1      | Reached XP level 1. HP: 15/15 MP: 0/0
   114 | D:1      | Reached XP level 2. HP: 20/22 MP: 0/0
   556 | D:1      | Reached skill level 1 in Fighting
   683 | D:1      | Reached XP level 3. HP: 23/27 MP: 0/0
   683 | D:1      | Learned a level 1 spell: Necrotise
  1110 | D:2      | Reached XP level 4. HP: 26/32 MP: 0/0
  1306 | D:2      | Reached skill level 2 in Fighting
  1690 | D:2      | Found a faded altar of an unknown god.
  1702 | D:2      | Identified the +3 pair of gloves of the Fiddle {rElec Dex+4
                  | Stlth+}
  1867 | D:3      | Found Nidwasch's Antique Weapon Emporium.
  1876 | D:3      | Reached XP level 5. HP: 30/39 MP: 0/0
  1876 | D:3      | Learned a level 2 spell: Lesser Beckoning
  2456 | D:4      | Reached skill level 3 in Fighting
  2497 | D:4      | Reached XP level 6. HP: 19/46 MP: 0/0
  2897 | D:4      | Identified the ring of the Blue Skies {Str+6 Int-3 Dex+5}
  3431 | D:5      | Entered Level 5 of the Dungeon
  3553 | D:5      | Reached skill level 4 in Fighting
  3558 | D:5      | Reached XP level 7. HP: 28/52 MP: 0/0
  3558 | D:5      | Learned a level 3 spell: Ozocubu's Armour
  3648 | D:5      | Found a basalt altar of Yredelemnul.
  4036 | D:5      | Found a shadowy altar of Dithmenos.
  4146 | D:5      | Reached skill level 5 in Fighting
  4827 | D:5      | Reached XP level 8. HP: 55/60 MP: 0/0
  5002 | D:6      | Reached skill level 5 in Spellcasting
  5358 | D:6      | Reached skill level 6 in Fighting
  5360 | D:6      | Noticed Eustachio
  5629 | D:5      | Killed Eustachio
  6013 | D:6      | Reached skill level 7 in Fighting
  6013 | D:6      | Reached XP level 9. HP: 52/68 MP: 0/0
  6013 | D:6      | Learned a level 3 spell: Stone Arrow
  6382 | D:6      | Identified the +1 scale mail of Uwkueck {rPois Str+4}
  6655 | D:6      | Found a burning altar of Makhleb.
  6780 | D:7      | HP: 1/68 [centaur/arrow (10)]
  6780 | D:7      | Mangled by a gnoll sergeant

Illustrated notes

Levels and vault maps discovered:
D:1:      wander_arrival_desolate, layout_basic
D:2:      layout_loops_cross, basic_ecumenical_altar
D:3:      layout_rooms, serial_shops, shop, ebering_dispersal_statue_hall
D:4:      layout_basic, serial_curves, eino_curves_02, eino_curves_01
D:5:      layout_loops_cross, mainiacjoe_overflow_paths, lemuel_doored_altar,
          vehumet_statue, kennysheep_mini_moat
D:6:      layout_loops_ring, lemuel_coloured_pillars_altar, st_stairs_11,
          minmay_ogre_servants, uniq_eustachio
D:7:      layout_basic, marbit_many_paths, minmay_temple_entry_butterflies

Skill      XL: |  1  2  3  4  5  6  7  8 |
---------------+-------------------------+-----
Fighting       | 1 2 3 4 5 7 |  7.4
Stealth        | 2 |  2.0
Dodging        | 3 |  3.0
Spellcasting   | 3 4 6 |  6.2

Action                     |  1- 3 |  4- 6 |  7- 9 || total
---------------------------+-------+-------+-------++-------
  Melee: Unarmed           |     4 |     1 |       ||     5
   Cast: Foxfire           |     8 |     2 |     1 ||    11
         Scorch            |    32 |    90 |    87 ||   209
         Volatile Blastmot |       |     5 |     2 ||     7
         Flame Wave        |       |       |    10 ||    10
         Inner Flame       |       |       |     4 ||     4
    Use: Potion            |       |       |     2 ||     2
 Armour: Robe              |     2 |    13 |    15 ||    30
  Dodge: Dodged            |    14 |    25 |    43 ||    82
